 Dungeon Crawl Stone Soup version 0.27-a0-1529-g1e82c303ef (webtiles) character file.

Game seed: 10342398161347902937

76 nyamberluvr69 the Skirmisher (level 4, -1/33 HPs)
             Began as an Octopode Berserker on July 12, 2021.
             Was a Believer of Trog.
             Shot with a stone by a goblin (3 damage)
             ... led by Robin
             ... on level 2 of the Dungeon.
             The game lasted 00:01:25 (1130 turns).

nyamberluvr69 the Skirmisher (Octopode Berserker)   Turns: 1130, Time: 00:01:26

Health: -1/33      AC:  1    Str: 16    XL:     4   Next: 32%
Magic:  4/4        EV: 13    Int:  9    God:    Trog [**....]
Gold:   67         SH:  0    Dex: 12    Spells: 3/3 levels left

rFire    . . .     SeeInvis .   a - +0 falchion
rCold    . . .     Faith    .   (no shield)
rNeg     . . .     Spirit   .   (helmet restricted)
rPois    .         Reflect  .   (no amulet)
rElec    .         Harm     .   (no ring)
rCorr    .         Rampage  .   (no ring)
Will     ++...                  (no ring)
Stlth    ++........             (no ring)
HPRegen  1.11/turn              (no ring)
MPRegen  0.09/turn              (no ring)
                                (no ring)
                                (no ring)

@: strong-willed, on berserk cooldown, regenerating, slowed, very slow
A: almost no armour, amphibious, 8 rings, camouflage 1, gelatinous body 1,
(nimble swimmer 1), tentacles
a: Renounce Religion, Berserk, Trog's Hand


You were on level 2 of the Dungeon.
You worshipped Trog.
Trog was pleased with you.
You visited 1 branch of the dungeon, and saw 2 of its levels.

You collected 67 gold pieces.

Inventory:

Hand Weapons
 a - a +0 falchion (weapon)
Scrolls
 d - a scroll of fog {unknown}
Potions
 b - a potion of heal wounds {unknown}
 c - a potion of lignification {unknown}
 e - a potion of curing {unknown}


   Skills:
 + Level 4.1 Fighting
 + Level 4.1 Long Blades
 - Level 3.0 Dodging


You had 3 spell levels left.
You didn't know any spells.
Your spell library was empty.

Dungeon Overview and Level Annotations

Branches:
Dungeon (2/15)

Altars:


Innate Abilities, Weirdness & Mutations

You cannot wear most types of armour.
You are amphibious.
You can wear up to eight rings at the same time.
Your skin changes colour to match your surroundings (Stealth+).
Your rubbery body absorbs attacks. (AC +1, EV +1)
((You are camouflaged near water. (Stealth+)))
You have tentacles for arms and can constrict up to eight enemies at once.


Message History

You closely miss the hobgoblin. You grab the hobgoblin.
You constrict the hobgoblin. The hobgoblin completely misses you.
You riposte.
You closely miss the hobgoblin. Your grab misses the hobgoblin.
You squeeze the hobgoblin.
You kill the hobgoblin!
Trog accepts your kill.
You can now call upon Trog for regeneration and willpower.
You barely miss the hobgoblin.
The hobgoblin is moderately wounded.
You constrict the hobgoblin.
The hobgoblin no longer looks unusually strong.
Robin's bangles clink loudly.
The hobgoblin misses you.
You slash Robin! Your grab misses Robin. You squeeze Robin.
You kill Robin!
Trog accepts your kill.
You constrict the hobgoblin.
You kill the hobgoblin!
Trog accepts your kill.
You closely miss the hobgoblin. Your grab misses the hobgoblin.
Your squeeze misses the hobgoblin. The hobgoblin hits you!
* * * LOW HITPOINT WARNING * * *
You closely miss the hobgoblin. You grab the hobgoblin.
You squeeze the hobgoblin.
You kill the hobgoblin!
Trog accepts your kill. The hobgoblin closely misses you.
You riposte.
You closely miss the hobgoblin. You grab the hobgoblin.
You slash the hobgoblin!
You kill the hobgoblin!
Trog accepts your kill.
The goblin unwields a +0 club.
The goblin wields a +0 hunting sling.
The goblin shoots a stone.
The stone hits you but does no damage.
You are no longer berserk.
You are exhausted.
You feel yourself slow down.
Your skin crawls.
You feel strong-willed.
The goblin shoots a stone.
The stone hits you.
You die...

.... .. ... ..
.. .# #. .#
#.#)#
#...######
##g).....#
##.###)#####.#
#....@)....#
#######.##.#
#..#.# ##.#.#
#...# ##..#
#..# #..# #..#
#


You could see a goblin (strong).

Vanquished Creatures
  Jessica (D:2)
  Robin (D:2)
  A dart slug (D:2)
  2 ball pythons (D:2)
  4 endoplasms (D:1)
  4 giant cockroaches
  11 goblins
  4 hobgoblins (D:2)
  A jackal (D:1)
  2 kobolds (D:1)
  2 rats (D:1)
33 creatures vanquished.

Notes
Turn   | Place    | Note
-------+----------+-------------------------------------------
     0 | D:1      | nyamberluvr69 the Octopode Berserker began the quest for
                  | the Orb.
     0 | D:1      | Reached XP level 1. HP: 16/16 MP: 1/1
   195 | D:1      | Reached XP level 2. HP: 18/21 MP: 2/2
   973 | D:2      | Noticed Jessica
   977 | D:2      | Killed Jessica
   978 | D:2      | Reached XP level 3. HP: 27/27 MP: 3/3
  1109 | D:2      | Noticed Robin
  1119 | D:2      | Reached XP level 4. HP: 13/33 MP: 4/4
  1123 | D:2      | Reached ** piety under Trog
  1125 | D:2      | Killed Robin
  1126 | D:2      | HP: 1/49 [hobgoblin[Robin] (7)]
  1130 | D:2      | Shot with a stone by a goblin

Illustrated notes

Levels and vault maps discovered:
D:1:      minmay_arrival_radiant_lines, layout_basic, minmay_circled_x
D:2:      layout_basic, uniq_robin, uniq_jessica

Skill      XL: |  1  2  3 |
---------------+----------+-----
Fighting       | 4 |  4.1
Long Blades    | 4 |  4.1
Dodging        | |  3.0

Action                   |  1- 3 |  4- 6 || total
-------------------------+-------+-------++-------
Melee: Falchion          |    30 |     9 ||    39
       Tentacles         |     8 |     3 ||    11
       Constrict         |     9 |     4 ||    13
Invok: Berserk           |     2 |       ||     2
       Trog's Hand       |       |     1 ||     1
 Stab: Sleeping          |     4 |       ||     4
Armor: Skin              |     5 |     1 ||     6
Dodge: Dodged            |    17 |     6 ||    23
       Rpst.: Falchion   |     9 |     3 ||    12

Table legend: (Time is in decaauts)
 A = Elapsed time spent in this place.
 B = Non-inter-level travel time spent in this place.
 C = Inter-level travel time spent in this place.
 D = Time resting spent in this place.
 E = Time spent auto-exploring this place.
 F = Levels seen in this place.
 G = Mean time per level.
                   A        B        C        D        E       F      G
               +--------+--------+--------+--------+--------+-----+--------+
         Total |   1139 |   1066 |     73 |    111 |    807 |   2 |  569.5 |
       Dungeon |   1139 |   1066 |     73 |    111 |    807 |   2 |  569.5 |
               +--------+--------+--------+--------+--------+-----+--------+

Top non-repeatable levels by time:
     D:1: 874 daAuts
     D:2: 265 daAuts
